Little Stars vs Rocket
Created - April 24, 2022 at 23:06
Goals
|
| Little Stars |
1 |
0 |
1 |
2 |
| Rocket |
1 |
0 |
3 |
4 |
|
Shots
|
| Little Stars |
11 |
15 |
15 |
41 |
| Rocket |
9 |
8 |
12 |
29 |
|
1st period
1. Rocket , Danton Heinen 31 (Corey Trivino 42) at 8:31 (PP)
2. Little Stars , Eric Knodel 5 (Michael Mersch 9) at 16:16
Penalties :
Sebastian Wannstrom (Tex) for Tripping (Minor) at 7:42, Andrey Pedan (Lav) for Hooking (Minor) at 18:43
2nd period
No Goal
Penalties :
Frederic Allard (Tex) for Hooking (Minor) at 3:05
3rd period
3. Rocket , Corey Trivino 26 (Adrian Kempe 46, Andrey Pedan 10) at 0:51
4. Little Stars , Daniel O'regan 22 (Anton Cederholm 26, Jordan LaVallee 41) at 1:04
5. Rocket , Danton Heinen 32 (Dean Kukan 11) at 8:56
6. Rocket , Jakub Vrana 8 (Mason Appleton 5, Viktor Loov 21) at 19:25 (Empty Net)
Penalties :
No Penalty
Goalie Stats
Connor Knapp (Tex), 25 saves from 28 shots - (0.893), L, 19-14-4, 59:48 minutes
Igor Shesterkin (Lav), 39 saves from 41 shots - (0.951), W, 24-13-1, 60:00 minutes
Players Stats for Little Stars
Player Name G A P +/- PIM S H SB GA TA FO MP PP MP PK MP
------------------------------------------------------------------------------------
Adam Tambellini 0 0 0 -1 0 4 0 0 0 0 1/4 16:47 0:48 0:58
Anton Cederholm 0 1 1 0 0 2 1 2 1 0 0/0 27:26 1:23 1:54
Daniel O'regan 1 0 1 -1 0 3 2 0 1 1 18/37 21:32 1:11 1:45
Daniil Tarasov 0 0 0 1 0 2 0 0 0 0 0/0 9:20 0:00 0:00
Eric Knodel 1 0 1 0 0 1 1 0 0 0 0/0 27:26 1:23 1:54
Frederic Allard 0 0 0 -1 2 0 0 1 0 0 0/0 13:36 0:00 0:00
Henrik Borgstrom 0 0 0 -1 0 3 2 0 0 1 8/16 16:23 0:48 0:34
Ilya Mikheyev 0 0 0 -1 0 3 4 0 0 1 0/0 19:47 1:11 0:00
Jason Dickinson 0 0 0 0 0 2 0 0 0 0 4/7 12:45 0:00 0:29
Joakim Nygard 0 0 0 0 0 5 0 0 0 1 0/0 12:13 0:00 0:09
Jordan LaVallee 0 1 1 -1 0 5 3 0 2 0 1/1 21:40 1:11 1:41
Michael Mersch 0 1 1 1 0 5 0 1 0 0 0/1 9:20 0:00 0:00
Reece Willcox 0 0 0 0 0 0 0 1 0 0 0/0 19:09 0:36 0:54
Roman Horak 0 0 0 1 0 0 0 1 0 0 1/3 9:20 0:00 0:00
Sebastian Wannstrom 0 0 0 -1 2 5 2 0 2 0 0/0 15:48 0:48 0:00
Tucker Poolman 0 0 0 0 0 1 0 2 0 1 0/0 19:09 0:36 0:54
Ville Pokka 0 0 0 -1 0 0 1 0 0 2 0/0 13:25 0:00 0:00
Zach Budish 0 0 0 0 0 0 1 0 1 0 0/0 12:04 0:00 0:00
Players Stats for Rocket
Player Name G A P +/- PIM S H SB GA TA FO MP PP MP PK MP
------------------------------------------------------------------------------------
Adam Fox 0 0 0 -1 0 1 5 2 0 1 0/0 25:28 0:34 0:31
Adrian Kempe 0 1 1 1 0 3 1 0 3 0 0/0 17:25 1:42 0:31
Andrei Mironov 0 0 0 -1 0 0 3 3 0 0 0/0 24:47 2:14 1:28
Andrey Pedan 0 1 1 2 2 0 0 0 0 0 0/0 16:13 2:01 0:00
Brandon Pirri 0 0 0 -1 0 2 0 2 0 0 1/2 18:08 1:06 0:00
Corey Trivino 1 1 2 1 0 3 2 2 0 0 9/19 18:06 1:42 0:51
Danton Heinen 2 0 2 1 0 4 2 0 0 0 2/2 18:29 1:42 0:00
Dean Kukan 0 1 1 1 0 1 0 2 0 1 0/0 12:59 0:00 0:00
Dominic Turgeon 0 0 0 0 0 0 0 0 0 0 1/2 3:41 0:00 0:00
Jack Glover 0 0 0 0 0 0 1 2 0 0 0/0 16:55 0:00 1:28
Jakub Vrana 1 0 1 1 0 2 2 1 0 0 0/1 12:12 0:00 0:00
Jiri Sekac 0 0 0 0 0 1 1 0 2 0 2/3 12:14 0:00 1:08
Kole Sherwood 0 0 0 0 0 1 2 1 1 0 0/0 11:19 0:00 0:00
Luca Sbisa 0 0 0 0 0 0 0 0 0 0 0/0 1:29 0:00 0:00
Mason Appleton 0 1 1 1 0 2 0 0 0 0 4/5 13:18 0:00 0:00
Mattias Tedenby 0 0 0 -1 0 2 1 0 0 2 2/3 20:31 1:06 0:00
Peter Holland 0 0 0 -1 0 5 1 1 0 0 15/32 18:13 1:06 0:00
Ty Rattie 0 0 0 1 0 1 1 0 1 0 0/0 14:06 0:00 1:28
Viktor Loov 0 1 1 1 0 1 1 1 0 3 0/0 22:27 0:47 0:31
3 Stars
1 - Danton Heinen (Lav)
2 - Corey Trivino (Lav)
3 - Igor Shesterkin (Lav)
Power Play
Little Stars - 0 on 1 Attempt(s) - 0.00%
Rocket - 1 on 2 Attempt(s) - 50.00%
Penalty Kill
Little Stars - 1 on 2 Attempt(s) - 50.00%
- Score 0 goal in Penalty Kill
Rocket - 1 on 1 Attempt(s) - 100.00%
- Score 0 goal in Penalty Kill
Team Stat
Little Stars - Hits : 17 - Faceoff Wins : 33 - Blocked Shots : 8 - Penalty Minutes : 4
Rocket - Hits : 23 - Faceoff Wins : 36 - Blocked Shots : 17 - Penalty Minutes : 2
Official
Referees : Wes McCauley and Kendrick Nicholson
Linesman : Kiel Murchison and Greg Devorski
Game Notes
Dominic Turgeon is injured at 17:19 of 1st period (Sore Left Knee)
Jack Glover is injured at 11:14 of 3rd period (Bruised Right Foot)
Jakub Vrana has scored in a empty net!
Finance
Level 1 -- Attendance: 2000 (100.00%) -- Ticket Income $70,000
Level 2 -- Attendance: 949 (94.90%) -- Ticket Income $14,235
Total Attendance: 2949 (98.30%)
Total Ticket Income: $84,235
Other Income: $4,212
Total Income: $88,447
Little Stars
5 vs 5 Forward
Center Left Wing Right Wing Time % Phy DF OF
1 Daniel O'regan Jordan LaVallee Ilya Mikheyev 40 1 2 2
2 Henrik Borgstrom Adam Tambellini Sebastian Wannstrom 30 1 2 2
3 Jason Dickinson Joakim Nygard Zach Budish 20 1 2 2
4 Roman Horak Michael Mersch Daniil Tarasov 10 1 2 2
5 vs 5 Defense
Defense Defense Time % Phy DF OF
1 Anton Cederholm Eric Knodel 40 1 2 2
2 Reece Willcox Tucker Poolman 30 1 2 2
3 Ville Pokka Frederic Allard 20 1 2 2
4 Anton Cederholm Eric Knodel 10 1 2 2
PowerPlay Forward
Center Left Wing Right Wing Time % Phy DF OF
1 Daniel O'regan Jordan LaVallee Ilya Mikheyev 60 1 2 2
2 Henrik Borgstrom Adam Tambellini Sebastian Wannstrom 40 1 2 2
PowerPlay Defense
Defense Defense Time % Phy DF OF
1 Anton Cederholm Eric Knodel 60 1 2 2
2 Reece Willcox Tucker Poolman 40 1 2 2
Penalty Kill 4 Players Forward
Center Wing Time % Phy DF OF
1 Daniel O'regan Jordan LaVallee 60 1 2 2
2 Henrik Borgstrom Adam Tambellini 40 1 2 2
Penalty Kill 4 Players Defense
Defense Defense Time % Phy DF OF
1 Anton Cederholm Eric Knodel 60 1 2 2
2 Reece Willcox Tucker Poolman 40 1 2 2
Penalty Kill - 3 Players Forward
Forward Time % Phy DF OF
1 Daniel O'regan 60 1 2 2
2 Henrik Borgstrom 40 1 2 2
Penalty Kill - 3 Players Defense
Defense Defense Time % Phy DF OF
1 Anton Cederholm Eric Knodel 60 1 2 2
2 Reece Willcox Tucker Poolman 40 1 2 2
4 vs 4 Forward
Center Wing Time % Phy DF OF
1 Daniel O'regan Jordan LaVallee 60 1 2 2
2 Henrik Borgstrom Adam Tambellini 40 1 2 2
4 vs 4 Defense
Defense Defense Time % Phy DF OF
1 Anton Cederholm Eric Knodel 60 1 2 2
2 Reece Willcox Tucker Poolman 40 1 2 2
Last Minutes Offensive
Center Left Wing Right Wing Defense Defense
Daniel O'regan Jordan LaVallee Ilya Mikheyev Anton Cederholm Eric Knodel
Last Minutes Defensive
Center Left Wing Right Wing Defense Defense
Daniel O'regan Jordan LaVallee Ilya Mikheyev Anton Cederholm Eric Knodel
Goaltenders
Starting : Connor Knapp
Backup : Dustin Tokarski
Extra Forwards
Normal : Daniel O'regan, Sebastian Wannstrom, Zach Budish - PP : Daniel O'regan, Sebastian Wannstrom - PK : Daniel O'regan
Extra Defensemen
Normal : Tucker Poolman, Ville Pokka, Frederic Allard - PP : Tucker Poolman - PK : Tucker Poolman, Ville Pokka
Penalty Shots
Jordan LaVallee, Ilya Mikheyev, Adam Tambellini, Joakim Nygard, Daniel O'regan
Scratches
Emile Poirier (Healthy), Jean-Christophe Beaudin (Healthy), Justin Auger (Healthy), Lawrence Pilut (Healthy), Radel Fazleev (Healthy)
Rudolfs Balcers (Healthy), Shane Gersich (Healthy), Yakov Trenin (Healthy), Matt Luff (Healthy), Joey Anderson (Healthy)
Jonathan Dahlen (Healthy), Givani Smith (Healthy)
Rocket
5 vs 5 Forward
Center Left Wing Right Wing Time % Phy DF OF
1 Peter Holland Brandon Pirri Mattias Tedenby 40 0 1 4
2 Corey Trivino Adrian Kempe Danton Heinen 30 0 1 4
3 Dominic Turgeon Jiri Sekac Ty Rattie 20 0 2 3
4 Mason Appleton Jakub Vrana Kole Sherwood 10 0 2 3
5 vs 5 Defense
Defense Defense Time % Phy DF OF
1 Viktor Loov Adam Fox 40 1 2 2
2 Jack Glover Andrei Mironov 30 1 2 2
3 Dean Kukan Andrey Pedan 20 1 2 2
4 Andrei Mironov Adam Fox 10 1 2 2
PowerPlay Forward
Center Left Wing Right Wing Time % Phy DF OF
1 Corey Trivino Adrian Kempe Danton Heinen 60 1 2 2
2 Peter Holland Brandon Pirri Mattias Tedenby 40 1 2 2
PowerPlay Defense
Defense Defense Time % Phy DF OF
1 Viktor Loov Adam Fox 60 1 2 2
2 Andrei Mironov Andrey Pedan 40 1 2 2
Penalty Kill 4 Players Forward
Center Wing Time % Phy DF OF
1 Dominic Turgeon Ty Rattie 60 1 2 2
2 Corey Trivino Jiri Sekac 40 1 2 2
Penalty Kill 4 Players Defense
Defense Defense Time % Phy DF OF
1 Andrei Mironov Jack Glover 60 1 2 2
2 Viktor Loov Adam Fox 40 1 2 2
Penalty Kill - 3 Players Forward
Forward Time % Phy DF OF
1 Dominic Turgeon 60 1 2 2
2 Mason Appleton 40 1 2 2
Penalty Kill - 3 Players Defense
Defense Defense Time % Phy DF OF
1 Viktor Loov Dean Kukan 60 1 2 2
2 Adam Fox Andrey Pedan 40 1 2 2
4 vs 4 Forward
Center Wing Time % Phy DF OF
1 Corey Trivino Adrian Kempe 60 1 2 2
2 Mason Appleton Danton Heinen 40 1 2 2
4 vs 4 Defense
Defense Defense Time % Phy DF OF
1 Viktor Loov Dean Kukan 60 1 2 2
2 Jack Glover Andrey Pedan 40 1 2 2
Last Minutes Offensive
Center Left Wing Right Wing Defense Defense
Corey Trivino Brandon Pirri Mattias Tedenby Viktor Loov Dean Kukan
Last Minutes Defensive
Center Left Wing Right Wing Defense Defense
Corey Trivino Brandon Pirri Mattias Tedenby Viktor Loov Dean Kukan
Goaltenders
Starting : Igor Shesterkin
Backup : Sami Aittokallio
Extra Forwards
Normal : Danton Heinen, Adrian Kempe, Mattias Tedenby - PP : Danton Heinen, Adrian Kempe - PK : Jiri Sekac
Extra Defensemen
Normal : Andrei Mironov, Adam Fox, Jack Glover - PP : Viktor Loov - PK : Andrei Mironov, Dean Kukan
Penalty Shots
Corey Trivino, Mattias Tedenby, Brandon Pirri, Adrian Kempe, Danton Heinen
Scratches
Daniel Sprong (Healthy), Dylan DeMelo (Healthy), Guillaume Brisebois (Healthy), Ryan Collins (Healthy), Sergey Tolchinsky (Healthy)
Tyler Lewington (Healthy), Karson Kuhlman (Healthy), Luke Kunin (Healthy), Mikhail Maltsev (Healthy)
% Time on Ice - Little Stars
Lines # - Real PCT - Wanted PCT - Time Play
Normal Forward
1 - 33% - 40% - 18:14
2 - 27% - 30% - 15:01
3 - 22% - 20% - 12:04
4 - 17% - 10% - 9:20
Normal Defense
1 - 38% - 40% - 20:46
2 - 32% - 30% - 17:23
3 - 25% - 20% - 13:25
4 - 6% - 10% - 3:05
PP Forward
1 - 60% - 60% - 1:11
2 - 40% - 40% - 0:48
PP Defense
1 - 70% - 60% - 1:23
2 - 30% - 40% - 0:36
PK Forward
1 - 80% - 60% - 2:14
2 - 20% - 40% - 0:34
PK Defense
1 - 68% - 60% - 1:54
2 - 32% - 40% - 0:54
PK3 Forward
1 - 0% - 60%
2 - 0% - 40%
PK3 Defense
1 - 0% - 60%
2 - 0% - 40%
44 Forward
1 - 0% - 60%
2 - 0% - 40%
44 Defense
1 - 0% - 60%
2 - 0% - 40%
Last Minute Offensive - 0:34
Last Minute Defensive - 0:00
Total
Forward - 60:00
Defense - 60:00
|
% Time on Ice - Rocket
Lines # - Real PCT - Wanted PCT - Time Play
Normal Forward
1 - 31% - 40% - 17:00
2 - 28% - 30% - 15:11
3 - 20% - 20% - 11:06
4 - 21% - 10% - 11:19
Normal Defense
1 - 39% - 40% - 21:29
2 - 33% - 30% - 18:17
3 - 20% - 20% - 10:59
4 - 7% - 10% - 3:51
PP Forward
1 - 61% - 60% - 1:42
2 - 39% - 40% - 1:06
PP Defense
1 - 43% - 60% - 1:13
2 - 57% - 40% - 1:35
PK Forward
1 - 100% - 60% - 1:59
2 - 0% - 40% - 0:00
PK Defense
1 - 74% - 60% - 1:28
2 - 26% - 40% - 0:31
PK3 Forward
1 - 0% - 60%
2 - 0% - 40%
PK3 Defense
1 - 0% - 60%
2 - 0% - 40%
44 Forward
1 - 0% - 60%
2 - 0% - 40%
44 Defense
1 - 0% - 60%
2 - 0% - 40%
Last Minute Offensive - 0:00
Last Minute Defensive - 0:37
Total
Forward - 60:00
Defense - 60:00
|
Play-by-Play
1st period
0:01 of 1st period - Daniel O'regan wins face-off versus Peter Holland in neutral zone.
0:26 of 1st period - Anton Cederholm is hit by Adam Fox and loses puck.
0:51 of 1st period - Daniel O'regan is hit by Jakub Vrana and loses puck.
1:29 of 1st period - Icing by Dean Kukan.
1:30 of 1st period - Jason Dickinson wins face-off versus Peter Holland in Rocket zone.
1:33 of 1st period - Wrist shot by Joakim Nygard.
1:33 of 1st period - Stopped by Igor Shesterkin without a rebound.
1:34 of 1st period - Jason Dickinson wins face-off versus Peter Holland in Rocket zone.
2:06 of 1st period - Snap shot by Sebastian Wannstrom.
2:06 of 1st period - Stopped by Igor Shesterkin without a rebound.
2:07 of 1st period - Dominic Turgeon wins face-off versus Roman Horak in Rocket zone.
2:16 of 1st period - Frederic Allard is hit by Andrei Mironov and loses puck.
2:38 of 1st period - Icing by Andrei Mironov.
2:39 of 1st period - Jason Dickinson wins face-off versus Peter Holland in Rocket zone.
2:56 of 1st period - Wrist shot by Jason Dickinson.
2:56 of 1st period - Shot Misses the Net.
2:58 of 1st period - Wrist shot by Anton Cederholm.
2:58 of 1st period - Shot Blocked by Brandon Pirri.
3:00 of 1st period - Wrist shot by Joakim Nygard.
3:00 of 1st period - Deflect By Peter Holland.
3:00 of 1st period - Shot Blocked by Brandon Pirri.
3:00 of 1st period - Puck is out of play.
3:01 of 1st period - Corey Trivino wins face-off versus Henrik Borgstrom in Rocket zone.
3:06 of 1st period - Snap shot by Sebastian Wannstrom.
3:06 of 1st period - Shot Blocked by Corey Trivino.
3:42 of 1st period - Slapshot by Brandon Pirri.
3:42 of 1st period - Stopped by Connor Knapp with a rebound.
3:44 of 1st period - Snap shot by Brandon Pirri.
3:44 of 1st period - Deflect By Mattias Tedenby.
3:44 of 1st period - Stopped by Connor Knapp without a rebound.
3:45 of 1st period - Mason Appleton wins face-off versus Roman Horak in Little Stars zone.
4:00 of 1st period - Snap shot by Jakub Vrana.
4:00 of 1st period - Shot Blocked by Roman Horak.
4:18 of 1st period - Snap shot by Danton Heinen.
4:18 of 1st period - Shot Misses the Net.
4:20 of 1st period - Slapshot by Dean Kukan.
4:20 of 1st period - Stopped by Connor Knapp without a rebound.
4:21 of 1st period - Peter Holland wins face-off versus Daniel O'regan in Little Stars zone.
4:26 of 1st period - Slapshot by Brandon Pirri.
4:26 of 1st period - Deflect By Peter Holland.
4:26 of 1st period - Shot Misses the Net.
4:26 of 1st period - Puck is out of play.
4:27 of 1st period - Daniel O'regan wins face-off versus Peter Holland in Little Stars zone.
4:32 of 1st period - Slapshot by Daniel O'regan.
4:32 of 1st period - Shot Blocked by Viktor Loov.
5:05 of 1st period - Icing by Daniel O'regan.
5:06 of 1st period - Daniel O'regan wins face-off versus Dominic Turgeon in Little Stars zone.
5:11 of 1st period - Ty Rattie is hit by Daniel O'regan and loses puck.
5:58 of 1st period - Wrist shot by Jordan LaVallee.
5:58 of 1st period - Stopped by Igor Shesterkin with a rebound.
6:00 of 1st period - Snap shot by Daniel O'regan.
6:00 of 1st period - Stopped by Igor Shesterkin without a rebound.
6:01 of 1st period - Peter Holland wins face-off versus Adam Tambellini in Rocket zone.
6:14 of 1st period - Wrist shot by Peter Holland.
6:14 of 1st period - Shot Misses the Net.
6:28 of 1st period - Tucker Poolman is hit by Danton Heinen.
6:52 of 1st period - Snap shot by Michael Mersch.
6:52 of 1st period - Shot Misses the Net.
6:54 of 1st period - Wrist shot by Reece Willcox.
6:54 of 1st period - Deflect By Daniil Tarasov.
6:54 of 1st period - Stopped by Igor Shesterkin without a rebound.
6:55 of 1st period - Peter Holland wins face-off versus Henrik Borgstrom in Rocket zone.
7:42 of 1st period - Minor Penalty to Sebastian Wannstrom for Tripping.
7:43 of 1st period - Corey Trivino wins face-off versus Daniel O'regan in Little Stars zone.
7:43 of 1st period - Wrist shot by Adrian Kempe.
7:43 of 1st period - Deflect By Corey Trivino.
7:43 of 1st period - Stopped by Connor Knapp without a rebound.
7:44 of 1st period - Daniel O'regan wins face-off versus Corey Trivino in Little Stars zone.
8:19 of 1st period - Snap shot by Mattias Tedenby.
8:19 of 1st period - Shot Misses the Net.
8:23 of 1st period - Slapshot by Brandon Pirri.
8:23 of 1st period - Stopped by Connor Knapp without a rebound.
8:24 of 1st period - Corey Trivino wins face-off versus Henrik Borgstrom in Little Stars zone.
8:27 of 1st period - Wrist shot by Danton Heinen.
8:27 of 1st period - Shot Misses the Net.
8:31 of 1st period - Wrist shot by Danton Heinen.
8:31 of 1st period - Goal by Danton Heinen - Little Stars : 0 - Rocket : 1.
8:32 of 1st period - Jason Dickinson wins face-off versus Peter Holland in neutral zone.
8:45 of 1st period - Slapshot by Joakim Nygard.
8:45 of 1st period - Shot Blocked by Andrei Mironov.
8:59 of 1st period - Anton Cederholm is hit by Danton Heinen and loses puck.
10:23 of 1st period - Snap shot by Adam Tambellini.
10:23 of 1st period - Stopped by Igor Shesterkin with a rebound.
11:32 of 1st period - Slapshot by Joakim Nygard.
11:32 of 1st period - Stopped by Igor Shesterkin without a rebound.
11:33 of 1st period - Daniel O'regan wins face-off versus Peter Holland in Rocket zone.
11:36 of 1st period - Wrist shot by Jordan LaVallee.
11:36 of 1st period - Shot Misses the Net.
11:38 of 1st period - Slapshot by Anton Cederholm.
11:38 of 1st period - Shot Blocked by Peter Holland.
11:40 of 1st period - Slapshot by Anton Cederholm.
11:40 of 1st period - Stopped by Igor Shesterkin without a rebound.
11:41 of 1st period - Daniel O'regan wins face-off versus Peter Holland in Rocket zone.
11:42 of 1st period - Slapshot by Jordan LaVallee.
11:42 of 1st period - Stopped by Igor Shesterkin without a rebound.
11:43 of 1st period - Peter Holland wins face-off versus Daniel O'regan in Rocket zone.
11:43 of 1st period - Peter Holland is hit by Ilya Mikheyev.
11:57 of 1st period - Mattias Tedenby is hit by Ilya Mikheyev and loses puck.
12:09 of 1st period - Snap shot by Jordan LaVallee.
12:09 of 1st period - Shot Misses the Net.
12:11 of 1st period - Backhand shot by Anton Cederholm.
12:11 of 1st period - Shot Misses the Net.
12:13 of 1st period - Snap shot by Anton Cederholm.
12:13 of 1st period - Deflect By Jordan LaVallee.
12:13 of 1st period - Shot Misses the Net.
12:13 of 1st period - Puck is out of play.
12:14 of 1st period - Corey Trivino wins face-off versus Henrik Borgstrom in Rocket zone.
12:14 of 1st period - Corey Trivino is hit by Henrik Borgstrom.
12:22 of 1st period - Snap shot by Sebastian Wannstrom.
12:22 of 1st period - Shot Misses the Net.
12:47 of 1st period - Snap shot by Daniil Tarasov.
12:47 of 1st period - Shot Blocked by Jack Glover.
13:29 of 1st period - Slapshot by Jakub Vrana.
13:29 of 1st period - Shot Misses the Net.
13:50 of 1st period - Danton Heinen is hit by Henrik Borgstrom and loses puck.
14:09 of 1st period - Snap shot by Jiri Sekac.
14:09 of 1st period - Shot Misses the Net.
14:11 of 1st period - Slapshot by Andrei Mironov.
14:11 of 1st period - Shot Misses the Net.
14:32 of 1st period - Snap shot by Mattias Tedenby.
14:32 of 1st period - Shot Misses the Net.
14:34 of 1st period - Slapshot by Adam Fox.
14:34 of 1st period - Shot Misses the Net.
14:36 of 1st period - Slapshot by Viktor Loov.
14:36 of 1st period - Shot Misses the Net.
14:48 of 1st period - Snap shot by Jakub Vrana.
14:48 of 1st period - Stopped by Connor Knapp without a rebound.
14:49 of 1st period - Mason Appleton wins face-off versus Jason Dickinson in Little Stars zone.
14:54 of 1st period - Wrist shot by Mason Appleton.
14:54 of 1st period - Stopped by Connor Knapp without a rebound.
14:55 of 1st period - Corey Trivino wins face-off versus Henrik Borgstrom in Little Stars zone.
14:58 of 1st period - Snap shot by Corey Trivino.
14:58 of 1st period - Stopped by Connor Knapp without a rebound.
14:59 of 1st period - Corey Trivino wins face-off versus Adam Tambellini in Little Stars zone.
15:38 of 1st period - Eric Knodel is hit by Adam Fox and loses puck.
16:14 of 1st period - Snap shot by Michael Mersch.
16:14 of 1st period - Stopped by Igor Shesterkin with a rebound.
16:16 of 1st period - Snap shot by Eric Knodel.
16:16 of 1st period - Goal by Eric Knodel - Little Stars : 1 - Rocket : 1.
16:17 of 1st period - Peter Holland wins face-off versus Adam Tambellini in neutral zone.
16:27 of 1st period - Off-side.
16:28 of 1st period - Corey Trivino wins face-off versus Daniel O'regan in neutral zone.
17:18 of 1st period - Dominic Turgeon is hit by Zach Budish and loses puck.
17:19 of 1st period - Dominic Turgeon from Rocket is injured at 17:19 of 1st period (Sore Left Knee).
17:20 of 1st period - Daniel O'regan wins face-off versus Peter Holland in Rocket zone.
17:45 of 1st period - Corey Trivino is hit by Sebastian Wannstrom and loses puck.
17:52 of 1st period - Adam Tambellini is hit by Corey Trivino and loses puck.
18:13 of 1st period - Zach Budish is hit by Jiri Sekac and loses puck.
18:43 of 1st period - Minor Penalty to Andrey Pedan for Hooking.
18:44 of 1st period - Jordan LaVallee wins face-off versus Jiri Sekac in Rocket zone.
18:53 of 1st period - Snap shot by Ty Rattie.
18:53 of 1st period - Shot Misses the Net.
Goals for this period are 1 for Little Stars vs 1 for Rocket.
Shots for this period are 11 for Little Stars vs 9 for Rocket.
2nd period
0:01 of 2nd period - Jiri Sekac wins face-off versus Daniel O'regan in neutral zone.
0:06 of 2nd period - Eric Knodel is hit by Andrei Mironov and loses puck.
0:15 of 2nd period - Slapshot by Daniel O'regan.
0:15 of 2nd period - Stopped by Igor Shesterkin without a rebound.
0:16 of 2nd period - Jiri Sekac wins face-off versus Daniel O'regan in Rocket zone.
0:27 of 2nd period - Slapshot by Eric Knodel.
0:27 of 2nd period - Shot Misses the Net.
0:29 of 2nd period - Snap shot by Ilya Mikheyev.
0:29 of 2nd period - Shot Misses the Net.
0:43 of 2nd period - Penalty to Andrey Pedan is over, Andrey Pedan is back on ice.
0:57 of 2nd period - Wrist shot by Ty Rattie.
0:57 of 2nd period - Shot Misses the Net.
0:59 of 2nd period - Snap shot by Corey Trivino.
0:59 of 2nd period - Shot Misses the Net.
1:01 of 2nd period - Snap shot by Ty Rattie.
1:01 of 2nd period - Stopped by Connor Knapp without a rebound.
1:02 of 2nd period - Peter Holland wins face-off versus Daniel O'regan in Little Stars zone.
1:27 of 2nd period - Jason Dickinson is hit by Adam Fox and loses puck.
1:52 of 2nd period - Jakub Vrana is hit by Sebastian Wannstrom and loses puck.
2:17 of 2nd period - Wrist shot by Michael Mersch.
2:17 of 2nd period - Shot Misses the Net.
2:35 of 2nd period - Snap shot by Jordan LaVallee.
2:35 of 2nd period - Shot Misses the Net.
2:37 of 2nd period - Wrist shot by Ilya Mikheyev.
2:37 of 2nd period - Stopped by Igor Shesterkin with a rebound.
3:05 of 2nd period - Minor Penalty to Frederic Allard for Hooking.
3:06 of 2nd period - Daniel O'regan wins face-off versus Corey Trivino in Little Stars zone.
3:28 of 2nd period - Icing by Andrei Mironov.
3:29 of 2nd period - Peter Holland wins face-off versus Daniel O'regan in Rocket zone.
3:53 of 2nd period - Eric Knodel is hit by Corey Trivino and loses puck.
5:05 of 2nd period - Penalty to Frederic Allard is over, Frederic Allard is back on ice.
5:26 of 2nd period - Snap shot by Michael Mersch.
5:26 of 2nd period - Stopped by Igor Shesterkin with a rebound.
5:32 of 2nd period - Daniil Tarasov is hit by Adam Fox.
5:42 of 2nd period - Snap shot by Adam Tambellini.
5:42 of 2nd period - Stopped by Igor Shesterkin without a rebound.
5:43 of 2nd period - Adam Tambellini wins face-off versus Mason Appleton in Rocket zone.
5:55 of 2nd period - Off-side.
5:56 of 2nd period - Daniel O'regan wins face-off versus Brandon Pirri in neutral zone.
6:32 of 2nd period - Wrist shot by Adrian Kempe.
6:32 of 2nd period - Stopped by Connor Knapp without a rebound.
6:33 of 2nd period - Mattias Tedenby wins face-off versus Daniel O'regan in Little Stars zone.
6:38 of 2nd period - Wrist shot by Brandon Pirri.
6:38 of 2nd period - Shot Misses the Net.
6:40 of 2nd period - Snap shot by Mattias Tedenby.
6:40 of 2nd period - Shot Misses the Net.
6:42 of 2nd period - Snap shot by Peter Holland.
6:42 of 2nd period - Stopped by Connor Knapp with a rebound.
6:44 of 2nd period - Snap shot by Peter Holland.
6:44 of 2nd period - Stopped by Connor Knapp with a rebound.
6:58 of 2nd period - Jordan LaVallee is hit by Ty Rattie and loses puck.
7:23 of 2nd period - Snap shot by Sebastian Wannstrom.
7:23 of 2nd period - Stopped by Igor Shesterkin with a rebound.
7:48 of 2nd period - Joakim Nygard is hit by Peter Holland.
8:21 of 2nd period - Icing by Eric Knodel.
8:22 of 2nd period - Danton Heinen wins face-off versus Henrik Borgstrom in Little Stars zone.
8:39 of 2nd period - Slapshot by Adam Tambellini.
8:39 of 2nd period - Shot Misses the Net.
8:41 of 2nd period - Wrist shot by Sebastian Wannstrom.
8:41 of 2nd period - Stopped by Igor Shesterkin without a rebound.
8:42 of 2nd period - Brandon Pirri wins face-off versus Daniel O'regan in Rocket zone.
9:14 of 2nd period - Wrist shot by Adam Tambellini.
9:14 of 2nd period - Stopped by Igor Shesterkin without a rebound.
9:15 of 2nd period - Corey Trivino wins face-off versus Daniel O'regan in Rocket zone.
9:26 of 2nd period - Snap shot by Adrian Kempe.
9:26 of 2nd period - Stopped by Connor Knapp with a rebound.
10:25 of 2nd period - Slapshot by Michael Mersch.
10:25 of 2nd period - Stopped by Igor Shesterkin with a rebound.
10:27 of 2nd period - Slapshot by Ville Pokka.
10:27 of 2nd period - Deflect By Michael Mersch.
10:27 of 2nd period - Shot Blocked by Adam Fox.
10:27 of 2nd period - Puck is out of play.
10:28 of 2nd period - Roman Horak wins face-off versus Corey Trivino in Rocket zone.
10:29 of 2nd period - Slapshot by Eric Knodel.
10:29 of 2nd period - Shot Blocked by Dean Kukan.
10:31 of 2nd period - Snap shot by Michael Mersch.
10:31 of 2nd period - Stopped by Igor Shesterkin with a rebound.
10:33 of 2nd period - Slapshot by Anton Cederholm.
10:33 of 2nd period - Shot Blocked by Dean Kukan.
10:35 of 2nd period - Slapshot by Anton Cederholm.
10:35 of 2nd period - Stopped by Igor Shesterkin without a rebound.
10:36 of 2nd period - Daniel O'regan wins face-off versus Corey Trivino in Rocket zone.
10:47 of 2nd period - Snap shot by Ilya Mikheyev.
10:47 of 2nd period - Stopped by Igor Shesterkin with a rebound.
11:40 of 2nd period - Tucker Poolman is hit by Andrei Mironov and loses puck.
11:44 of 2nd period - Icing by Tucker Poolman.
11:45 of 2nd period - Mason Appleton wins face-off versus Michael Mersch in Little Stars zone.
11:48 of 2nd period - Snap shot by Kole Sherwood.
11:48 of 2nd period - Stopped by Connor Knapp with a rebound.
12:16 of 2nd period - Slapshot by Daniil Tarasov.
12:16 of 2nd period - Shot Blocked by Jakub Vrana.
12:18 of 2nd period - Slapshot by Reece Willcox.
12:18 of 2nd period - Shot Misses the Net.
12:20 of 2nd period - Wrist shot by Daniil Tarasov.
12:20 of 2nd period - Shot Blocked by Andrei Mironov.
13:48 of 2nd period - Snap shot by Tucker Poolman.
13:48 of 2nd period - Stopped by Igor Shesterkin with a rebound.
14:03 of 2nd period - Slapshot by Daniil Tarasov.
14:03 of 2nd period - Stopped by Igor Shesterkin with a rebound.
14:45 of 2nd period - Snap shot by Mason Appleton.
14:45 of 2nd period - Stopped by Connor Knapp without a rebound.
14:46 of 2nd period - Peter Holland wins face-off versus Daniel O'regan in Little Stars zone.
14:59 of 2nd period - Slapshot by Jordan LaVallee.
14:59 of 2nd period - Shot Misses the Net.
15:01 of 2nd period - Snap shot by Jordan LaVallee.
15:01 of 2nd period - Shot Misses the Net.
15:11 of 2nd period - Sebastian Wannstrom is hit by Adrian Kempe and loses puck.
15:20 of 2nd period - Snap shot by Adrian Kempe.
15:20 of 2nd period - Shot Misses the Net.
15:36 of 2nd period - Wrist shot by Mattias Tedenby.
15:36 of 2nd period - Shot Blocked by Frederic Allard.
15:38 of 2nd period - Slapshot by Jiri Sekac.
15:38 of 2nd period - Stopped by Connor Knapp without a rebound.
15:39 of 2nd period - Daniel O'regan wins face-off versus Mattias Tedenby in Little Stars zone.
15:52 of 2nd period - Snap shot by Jordan LaVallee.
15:52 of 2nd period - Deflect By Adam Fox.
15:52 of 2nd period - Shot Misses the Net.
15:52 of 2nd period - Puck is out of play.
15:53 of 2nd period - Daniel O'regan wins face-off versus Corey Trivino in Rocket zone.
15:56 of 2nd period - Wrist shot by Jordan LaVallee.
15:56 of 2nd period - Stopped by Igor Shesterkin without a rebound.
15:57 of 2nd period - Daniel O'regan wins face-off versus Corey Trivino in Rocket zone.
16:04 of 2nd period - Slapshot by Daniel O'regan.
16:04 of 2nd period - Shot Blocked by Adam Fox.
16:11 of 2nd period - Off-side.
16:12 of 2nd period - Henrik Borgstrom wins face-off versus Peter Holland in neutral zone.
16:37 of 2nd period - Adrian Kempe is hit by Jordan LaVallee and loses puck.
17:53 of 2nd period - Snap shot by Jordan LaVallee.
17:53 of 2nd period - Shot Hit the Post.
18:27 of 2nd period - Snap shot by Joakim Nygard.
18:27 of 2nd period - Shot Blocked by Jack Glover.
19:25 of 2nd period - Snap shot by Michael Mersch.
19:25 of 2nd period - Stopped by Igor Shesterkin with a rebound.
Goals for this period are 0 for Little Stars vs 0 for Rocket.
Shots for this period are 15 for Little Stars vs 8 for Rocket.
3rd period
0:01 of 3rd period - Peter Holland wins face-off versus Daniel O'regan in neutral zone.
0:16 of 3rd period - Wrist shot by Peter Holland.
0:16 of 3rd period - Stopped by Connor Knapp with a rebound.
0:36 of 3rd period - Snap shot by Jason Dickinson.
0:36 of 3rd period - Stopped by Igor Shesterkin without a rebound.
0:37 of 3rd period - Henrik Borgstrom wins face-off versus Corey Trivino in Rocket zone.
0:41 of 3rd period - Icing by Andrey Pedan.
0:42 of 3rd period - Henrik Borgstrom wins face-off versus Corey Trivino in Rocket zone.
0:43 of 3rd period - Slapshot by Adam Tambellini.
0:43 of 3rd period - Stopped by Igor Shesterkin with a rebound.
0:49 of 3rd period - Wrist shot by Adrian Kempe.
0:49 of 3rd period - Stopped by Connor Knapp with a rebound.
0:51 of 3rd period - Slapshot by Corey Trivino.
0:51 of 3rd period - Goal by Corey Trivino - Little Stars : 1 - Rocket : 2.
0:52 of 3rd period - Peter Holland wins face-off versus Daniel O'regan in neutral zone.
0:54 of 3rd period - Off-side.
0:55 of 3rd period - Daniel O'regan wins face-off versus Peter Holland in neutral zone.
0:58 of 3rd period - Wrist shot by Jordan LaVallee.
0:58 of 3rd period - Shot Misses the Net.
1:00 of 3rd period - Snap shot by Daniel O'regan.
1:00 of 3rd period - Shot Misses the Net.
1:02 of 3rd period - Slapshot by Anton Cederholm.
1:02 of 3rd period - Shot Blocked by Andrei Mironov.
1:04 of 3rd period - Wrist shot by Daniel O'regan.
1:04 of 3rd period - Goal by Daniel O'regan - Little Stars : 2 - Rocket : 2.
1:05 of 3rd period - Peter Holland wins face-off versus Daniel O'regan in neutral zone.
1:05 of 3rd period - Peter Holland is hit by Jordan LaVallee.
1:33 of 3rd period - Snap shot by Jason Dickinson.
1:33 of 3rd period - Stopped by Igor Shesterkin with a rebound.
1:35 of 3rd period - Snap shot by Joakim Nygard.
1:35 of 3rd period - Stopped by Igor Shesterkin with a rebound.
1:37 of 3rd period - Snap shot by Joakim Nygard.
1:37 of 3rd period - Stopped by Igor Shesterkin with a rebound.
1:39 of 3rd period - Slapshot by Frederic Allard.
1:39 of 3rd period - Shot Misses the Net.
1:41 of 3rd period - Snap shot by Joakim Nygard.
1:41 of 3rd period - Stopped by Igor Shesterkin without a rebound.
1:42 of 3rd period - Corey Trivino wins face-off versus Daniel O'regan in Rocket zone.
2:09 of 3rd period - Adam Tambellini is hit by Jack Glover and loses puck.
2:14 of 3rd period - Backhand shot by Mattias Tedenby.
2:14 of 3rd period - Stopped by Connor Knapp without a rebound.
2:15 of 3rd period - Mattias Tedenby wins face-off versus Henrik Borgstrom in Little Stars zone.
2:20 of 3rd period - Snap shot by Adam Fox.
2:20 of 3rd period - Deflect By Ty Rattie.
2:20 of 3rd period - Shot Misses the Net.
2:20 of 3rd period - Puck is out of play.
2:21 of 3rd period - Henrik Borgstrom wins face-off versus Peter Holland in Little Stars zone.
2:21 of 3rd period - Henrik Borgstrom is hit by Viktor Loov.
2:29 of 3rd period - Slapshot by Ville Pokka.
2:29 of 3rd period - Deflect By Henrik Borgstrom.
2:29 of 3rd period - Stopped by Igor Shesterkin without a rebound.
2:30 of 3rd period - Peter Holland wins face-off versus Daniel O'regan in Rocket zone.
2:30 of 3rd period - Peter Holland is hit by Ilya Mikheyev.
2:42 of 3rd period - Snap shot by Peter Holland.
2:42 of 3rd period - Stopped by Connor Knapp with a rebound.
2:44 of 3rd period - Snap shot by Peter Holland.
2:44 of 3rd period - Shot Blocked by Anton Cederholm.
2:46 of 3rd period - Slapshot by Adam Fox.
2:46 of 3rd period - Stopped by Connor Knapp without a rebound.
2:47 of 3rd period - Henrik Borgstrom wins face-off versus Corey Trivino in Little Stars zone.
3:12 of 3rd period - Adam Fox is hit by Anton Cederholm and loses puck.
3:55 of 3rd period - Wrist shot by Mason Appleton.
3:55 of 3rd period - Shot Blocked by Tucker Poolman.
3:59 of 3rd period - Snap shot by Jakub Vrana.
3:59 of 3rd period - Shot Blocked by Michael Mersch.
4:37 of 3rd period - Snap shot by Daniel O'regan.
4:37 of 3rd period - Shot Misses the Net.
4:39 of 3rd period - Wrist shot by Daniel O'regan.
4:39 of 3rd period - Shot Misses the Net.
5:13 of 3rd period - Off-side.
5:14 of 3rd period - Henrik Borgstrom wins face-off versus Peter Holland in neutral zone.
6:09 of 3rd period - Snap shot by Ilya Mikheyev.
6:09 of 3rd period - Shot Blocked by Corey Trivino.
6:40 of 3rd period - Icing by Joakim Nygard.
6:41 of 3rd period - Peter Holland wins face-off versus Jason Dickinson in Little Stars zone.
7:10 of 3rd period - Danton Heinen is hit by Daniel O'regan and loses puck.
7:29 of 3rd period - Ilya Mikheyev is hit by Kole Sherwood.
7:37 of 3rd period - Snap shot by Ilya Mikheyev.
7:37 of 3rd period - Stopped by Igor Shesterkin without a rebound.
7:38 of 3rd period - Henrik Borgstrom wins face-off versus Peter Holland in Rocket zone.
7:39 of 3rd period - Wrist shot by Adam Tambellini.
7:39 of 3rd period - Shot Misses the Net.
7:41 of 3rd period - Slapshot by Reece Willcox.
7:41 of 3rd period - Deflect By Henrik Borgstrom.
7:41 of 3rd period - Shot Misses the Net.
7:41 of 3rd period - Puck is out of play.
7:42 of 3rd period - Henrik Borgstrom wins face-off versus Peter Holland in Rocket zone.
8:11 of 3rd period - Slapshot by Jack Glover.
8:11 of 3rd period - Shot Blocked by Reece Willcox.
8:13 of 3rd period - Snap shot by Danton Heinen.
8:13 of 3rd period - Stopped by Connor Knapp without a rebound.
8:14 of 3rd period - Daniel O'regan wins face-off versus Corey Trivino in Little Stars zone.
8:54 of 3rd period - Wrist shot by Danton Heinen.
8:54 of 3rd period - Shot Blocked by Anton Cederholm.
8:56 of 3rd period - Snap shot by Danton Heinen.
8:56 of 3rd period - Goal by Danton Heinen - Little Stars : 2 - Rocket : 3.
8:57 of 3rd period - Peter Holland wins face-off versus Henrik Borgstrom in neutral zone.
9:02 of 3rd period - Snap shot by Peter Holland.
9:02 of 3rd period - Stopped by Connor Knapp with a rebound.
9:39 of 3rd period - Icing by Adam Fox.
9:40 of 3rd period - Mason Appleton wins face-off versus Daniel O'regan in Rocket zone.
9:51 of 3rd period - Slapshot by Viktor Loov.
9:51 of 3rd period - Stopped by Connor Knapp without a rebound.
9:52 of 3rd period - Daniel O'regan wins face-off versus Peter Holland in Little Stars zone.
10:17 of 3rd period - Jack Glover is hit by Eric Knodel and loses puck.
10:24 of 3rd period - Snap shot by Danton Heinen.
10:24 of 3rd period - Shot Misses the Net.
10:42 of 3rd period - Reece Willcox is hit by Kole Sherwood and loses puck.
11:03 of 3rd period - Wrist shot by Daniel O'regan.
11:03 of 3rd period - Shot Blocked by Kole Sherwood.
11:05 of 3rd period - Wrist shot by Jordan LaVallee.
11:05 of 3rd period - Stopped by Igor Shesterkin without a rebound.
11:06 of 3rd period - Peter Holland wins face-off versus Daniel O'regan in Rocket zone.
11:13 of 3rd period - Jack Glover is hit by Ilya Mikheyev and loses puck.
11:14 of 3rd period - Jack Glover from Rocket is injured at 11:14 of 3rd period (Bruised Right Foot).
11:15 of 3rd period - Daniel O'regan wins face-off versus Peter Holland in Little Stars zone.
11:49 of 3rd period - Slapshot by Adam Fox.
11:49 of 3rd period - Shot Blocked by Tucker Poolman.
13:07 of 3rd period - Slapshot by Henrik Borgstrom.
13:07 of 3rd period - Stopped by Igor Shesterkin with a rebound.
13:09 of 3rd period - Snap shot by Sebastian Wannstrom.
13:09 of 3rd period - Stopped by Igor Shesterkin with a rebound.
13:11 of 3rd period - Snap shot by Sebastian Wannstrom.
13:11 of 3rd period - Stopped by Igor Shesterkin with a rebound.
13:13 of 3rd period - Slapshot by Henrik Borgstrom.
13:13 of 3rd period - Stopped by Igor Shesterkin with a rebound.
14:59 of 3rd period - Tucker Poolman is hit by Jakub Vrana and loses puck.
15:49 of 3rd period - Andrei Mironov is hit by Ville Pokka and loses puck.
15:56 of 3rd period - Wrist shot by Jordan LaVallee.
15:56 of 3rd period - Stopped by Igor Shesterkin with a rebound.
17:03 of 3rd period - Slapshot by Frederic Allard.
17:03 of 3rd period - Shot Misses the Net.
17:47 of 3rd period - Henrik Borgstrom is hit by Mattias Tedenby and loses puck.
18:00 of 3rd period - Daniel O'regan is hit by Adam Fox and loses puck.
18:39 of 3rd period - Adrian Kempe is hit by Jordan LaVallee.
19:07 of 3rd period - Off-side.
19:08 of 3rd period - Claude Julien call a timeout for Little Stars.
19:08 of 3rd period - Daniel O'regan wins face-off versus Jakub Vrana in neutral zone.
19:13 of 3rd period - Little Stars, Connor Knapp is pulled from the net.
19:25 of 3rd period - Snap shot by Jakub Vrana.
19:25 of 3rd period - Goal by Jakub Vrana - Little Stars : 2 - Rocket : 4.
19:25 of 3rd period - Connor Knapp from Little Stars was sent back in the game.
19:26 of 3rd period - Danton Heinen wins face-off versus Jason Dickinson in neutral zone.
19:53 of 3rd period - Snap shot by Danton Heinen.
19:53 of 3rd period - Stopped by Connor Knapp with a rebound.
19:55 of 3rd period - Slapshot by Andrey Pedan.
19:55 of 3rd period - Shot Misses the Net.
Goals for this period are 1 for Little Stars vs 3 for Rocket.
Shots for this period are 15 for Little Stars vs 12 for Rocket.